 Dungeon Crawl Stone Soup version 0.23.2-30-g0e89c35649 (webtiles) character file.

Game seed: 6087344057452950274

16226 HASTUR3 the Grappler (level 12, 115/115 HPs)
             Began as a Troll Chaos Knight on June 20, 2019.
             Was a Plaything of Xom.
             Quit the game on level 11 of the Dungeon on June 21, 2019.
             The game lasted 00:50:43 (9141 turns).

HASTUR3 the Grappler (Troll Chaos Knight)           Turns: 9141, Time: 00:50:44

Health: 115/115    AC: 11    Str: 23    XL:     12   Next: 8%
Magic:  13/13      EV: 11    Int:  8    God:    Xom [...*..]
Gold:   326        SH:  0    Dex: 13    Spells: 10/11 levels left

rFire    + . .     SeeInvis +     - Unarmed
rCold    . . .     Gourm    +   (no shield)
rNeg     . . .     Faith    .   G - +0 troll leather armour
rPois    +         Spirit   .   (helmet restricted)
rElec    .         Reflect  .   s - scarf {repulsion}
rCorr    .         Harm     .   (gloves unavailable)
MR       .....                  (boots unavailable)
Stlth    +.........             v - amulet of the acrobat
HPRegen  1.09/turn              r - ring of poison resistance
MPRegen  0.13/turn              (no ring)

@: repel missiles
A: large, unfitting armour, claws 3, horns 1, slimy green scales 1, see
invisible, fire resistance 1, fast metabolism 3, gourmand, low mp 1,
regeneration 1, shaggy fur 2, tough skin 3, MP-powered wands
a: Renounce Religion


You were on level 11 of the Dungeon.
You worshipped Xom.
You were a favourite toy of Xom.
You were completely stuffed.

You visited 1 branch of the dungeon, and saw 11 of its levels.

You collected 626 gold pieces.
You spent 300 gold pieces at shops.

Inventory:

Missiles
 K - 4 large rocks (quivered)
Armour
 s - a scarf of repulsion (worn)
 G - a +0 troll leather armour (worn)
 J - +0 steam dragon scales
Jewellery
 r - a ring of poison resistance (left claw)
 u - an uncursed amulet of magic regeneration
 v - an amulet of the acrobat (around neck)
 A - an uncursed ring of fire
Wands
 q - a wand of paralysis (5)
 t - a wand of flame (8)
 z - a wand of acid (5)
 C - a wand of disintegration (24)
 E - a wand of enslavement (10)
 F - a wand of random effects (41)
 I - a wand of polymorph (2)
Scrolls
 d - 3 scrolls of blinking {unknown}
 f - 2 scrolls of teleportation
 h - 8 scrolls of identify
 i - 3 scrolls of fog
 k - a scroll of enchant weapon {unknown}
 m - 5 scrolls of remove curse {unknown}
 p - 2 scrolls of fear {unknown}
 w - a scroll of amnesia
 x - a scroll of enchant armour {unknown}
 y - 2 scrolls of noise {unknown}
 H - a scroll of magic mapping
Potions
 e - a potion of lignification
 g - 5 potions of curing
 j - a potion of brilliance
 l - 2 potions of resistance
 n - a potion of agility
 o - 3 potions of might
 B - 2 potions of flight {unknown}
 M - a potion of haste
 N - a potion of berserk rage
Miscellaneous
 a - a phantom mirror
Comestibles
 b - 23 rations
 D - 16 chunks of flesh


   Skills:
 + Level 6.8 Fighting
 + Level 6.4 Throwing
 + Level 4.4 Dodging
 - Level 13.8 Unarmed Combat
 - Level 3.0 Hexes
 - Level 5.0 Evocations


You had 10 spell levels left.
You knew the following spells:

 Your Spells              Type           Power        Failure   Level  Hunger
a - Confusing Touch       Hex            #.....       14%         1    ##.....

Your spell library contained the following spells:

 Spells                   Type           Power        Failure   Level  Hunger
 Corona                   Hex            #......      14%         1    ##.....
 Slow                     Hex            #.......     22%         2    ###....
 Ensorcelled Hibernation  Hex/Ice        #.....       38%         2    ###....
 Confuse                  Hex            #.......     38%         3    ####...
 Tukima's Dance           Hex            #.......     38%         3    ####...
 Summon Small Mammal      Summ           #...         45%         1    ##.....
 Call Imp                 Summ           #.......     58%         2    ###....
 Dazzling Spray           Conj/Hex       #.....       63%         3    ####...
 Inner Flame              Hex/Fire       #.......     63%         3    ####...
 Portal Projectile        Hex/Tloc       #.....       63%         3    ####...
 Summon Guardian Golem    Hex/Summ       #.......     63%         3    ####...
 Cause Fear               Hex            #.........   80%         4    #####..
 Call Canine Familiar     Summ           #.......     83%         3    ####...
 Gell's Gravitas          Tloc           #.........   83%         3    ####...
 Leda's Liquefaction      Hex/Erth       #.........   95%         4    #####..
 Petrify                  Tmut/Erth      #.......     99%         4    #####..
 Summon Ice Beast         Ice/Summ       #.......     99%         4    #####..
 Summon Lightning Spire   Summ/Air       #.......     99%         4    #####..
 Metabolic Englaciation   Hex/Ice        #.........   100%        5    ######.
 Yara's Violent Unravell  Hex/Tmut       #.........   100%        5    ######.


Dungeon Overview and Level Annotations

Branches:
Dungeon (11/15)            Temple (0/1) D:4            Lair (0/6) D:10
    Orc: D:9-12

Altars:
Ashenzari
Dithmenos
Qazlal
Sif Muna
Trog
Wu Jian
Xom
Yredelemnul

Shops:
D:4 =   D:11 !


Innate Abilities, Weirdness & Mutations

You are too large for most types of armour.
You have claws for hands.
Your metabolism is lightning-fast.
You like to eat raw meat.
Your natural rate of healing is unusually fast.
You are covered in thick fur. (AC +2)
You have extremely tough skin. (AC +3)
You have a pair of small horns on your head.
You are partially covered in slimy green scales. (AC +2)
You have supernaturally acute eyesight. (SInv)
Your flesh is heat resistant. (rF+)
Your magical capacity is low. (-10% MP)
You expend magic power (3 MP) to strengthen your wands.


Message History

Some of the chunks of flesh in your inventory have rotted away.
Items here: ( ) ÷÷ † a +0 shortbow; 12 arrows; a centaur skeleton; a sky beast corpse a troll skeleton Eating one of 18 chunks of flesh.
You eat one of the 18 chunks of flesh.
This raw flesh tastes great.
Items here: ( )) ÷ a +0 shortbow x2; 45 arrows; a centaur skeleton Eating one of 17 chunks of flesh.
You eat one of the 17 chunks of flesh.
This raw flesh tastes great.
There is a stone staircase leading down here.
Found an escape hatch in the floor.
Found a stone staircase leading down.
You now have 326 gold pieces (gained 8).
There is an escape hatch in the floor here.
You pick up a book of Callings and begin reading...
You add the spells Summon Small Mammal, Call Imp, Call Canine Familiar, Summon Guardian Golem, Summon Lightning Spire and Summon Ice Beast to your library.
Okay, then.
Okay, then.
Are you sure you want to abandon this character and quit the game? (Confirm with "yes".)

#. #.## #.#
#..# #.#
#.# #.# #.#
#.# ###'##
#.. #....#
# #.###
##....+ #>
#.#..
.'....#
#.###@#.#
.#....#
...#>#.#
##(...#
#.#.#.###.#
##'###
#.........#
#.###
####.######
#.((#
##...#
###)#
#.>###
####'##
##.##
#.....#
#(..#


There were no monsters in sight!

Vanquished Creatures
  A two-headed ogre (D:9)
  3 unseen horrors (D:10)
  2 ugly things (D:11)
  Maurice (D:8)
  A cyclops (D:11)
  Joseph (D:8)
  2 kobold demonologists (D:11)
  2 centaur skeletons
  A komodo dragon (D:10)
  3 trolls
  2 hippogriffs (D:10)
  A vampire (D:9)
  2 spriggans
  A wyvern (D:10)
  A basilisk (D:10)
  A wraith (D:10)
  21 yaks
  A steam dragon (D:11)
  A hungry ghost (D:9)
  Edmund (D:5)
  Duvessa (D:6)
  A swamp drake (D:5)
  2 orc warriors
  6 ogres
  3 ice beasts
  A black bear (D:10)
  An eye of draining (shapeshifter) (D:10)
  3 sky beasts
  A necrophage (D:10)
  An eye of draining (D:10)
  A phantom (D:9)
  9 centaurs
  2 wolves (D:8)
  A crocodile (D:10)
  A big kobold (D:11)
  4 bullfrogs
  A wyvern zombie (D:10)
  Dowan (D:6)
  6 scorpions
  A water moccasin skeleton (D:8)
  7 killer bees
  3 howler monkeys
  5 wights
  6 crimson imps
  A quasit (D:9)
  A centaur zombie (D:10)
  5 hounds
  3 bullfrog skeletons
  2 jellies (D:10)
  3 orc priests
  5 orc wizards
  An iguana (D:6)
  6 worker ants
  A hound zombie (D:5)
  A hound skeleton (D:10)
  3 worker ant zombies
  A howler monkey skeleton (D:5)
  3 gnolls (D:7)
  14 adders
  6 shadow imps
  2 adder zombies (D:8)
  An adder skeleton (D:6)
  A worm (D:2)
  3 dart slugs
  6 leopard geckos
  19 orcs
  7 bats
  5 giant cockroaches
  16 goblins
  18 hobgoblins
  15 jackals
  11 kobolds
  5 quokkas
  5 frilled lizards
  A giant cockroach zombie (D:6)
  5 rats
293 creatures vanquished.

Vanquished Creatures (collateral kills)
  Grum (D:8)
  An ogre (D:6)
2 creatures vanquished.

Vanquished Creatures (others)
  A wizard (D:9)
  A howler monkey (D:7)
2 creatures vanquished.

Grand Total: 297 creatures vanquished

Notes
Turn   | Place    | Note
-------+----------+-------------------------------------------
     0 | D:1      | HASTUR3 the Troll Chaos Knight began the quest for the Orb.
     0 | D:1      | Reached XP level 1. HP: 22/22 MP: 0/0
    41 | D:1      | XOM: harmless Ice miscast
    47 | D:1      | XOM: silly message
    55 | D:1      | XOM: potion effect (agility)
   116 | D:1      | Reached XP level 2. HP: 29/29 MP: 1/1
   187 | D:1      | XOM: summons 1 hostile demon
   230 | D:1      | XOM: polymorph bat -> kobold
   458 | D:1      | Reached skill level 4 in Unarmed Combat
   489 | D:1      | XOM is BORED!
   489 | D:1      | XOM: give mutation
   489 | D:1      | Gained mutation: You are frail. (-10% HP) [Xom's mischief]
   507 | D:1      | Found a shattered altar of Ashenzari.
   535 | D:1      | Reached XP level 3. HP: 31/32 MP: 2/2
   578 | D:1      | XOM: harmless Erth miscast
   892 | D:2      | XOM: mild Tmut miscast
   954 | D:2      | Lost mutation: You are frail. (-10% HP) [potion of
                  | mutation]
   954 | D:2      | Gained mutation: Your magical capacity is low. (-10% MP)
                  | [potion of mutation]
   954 | D:2      | Gained mutation: You are covered in thick fur. (AC +2)
                  | [potion of mutation]
  1268 | D:2      | XOM: enchant monster (bad)
  1270 | D:2      | Reached skill level 5 in Unarmed Combat
  1270 | D:2      | Reached XP level 4. HP: 44/44 MP: 2/2
  1485 | D:2      | Found a faded altar of an unknown god.
  1705 | D:2      | XOM: smoke on damage
  1763 | D:3      | Reached XP level 5. HP: 49/50 MP: 3/3
  1849 | D:3      | XOM: mild Necr miscast
  1893 | D:3      | Reached skill level 6 in Unarmed Combat
  2006 | D:3      | Found a shadowy altar of Dithmenos.
  2120 | D:3      | XOM: severe Ice miscast
  2188 | D:3      | XOM: severe Tloc miscast
  2240 | D:4      | Found Kogodid's Jewellery Emporium.
  2319 | D:4      | Noticed an ogre
  2323 | D:4      | Killed an ogre
  2323 | D:4      | Reached skill level 7 in Unarmed Combat
  2323 | D:4      | Reached XP level 6. HP: 38/58 MP: 4/4
  2446 | D:4      | XOM: mild Air miscast
  2451 | D:4      | Reached skill level 1 in Throwing
  2577 | D:4      | Found a staircase to the Ecumenical Temple.
  2585 | D:4      | XOM: silly message
  2708 | D:4      | Reached XP level 7. HP: 64/65 MP: 5/5
  2958 | D:4      | XOM: harmless Conj miscast
  3042 | D:5      | Entered Level 5 of the Dungeon
  3062 | D:5      | XOM: enchant monster (bad)
  3248 | D:5      | Reached skill level 8 in Unarmed Combat
  3353 | D:5      | XOM: enchant monster (bad)
  3400 | D:5      | Noticed Edmund
  3408 | D:5      | XOM: divination: detect items
  3415 | D:5      | Killed Edmund
  3418 | D:5      | XOM: chaos cloud
  3439 | D:5      | XOM: harmless Tmut miscast
  3629 | D:5      | Reached XP level 8. HP: 73/73 MP: 6/6
  3681 | D:5      | XOM: give mutation
  3681 | D:5      | Gained mutation: Scrolls take you a little longer to read.
                  | [Xom's mischief]
  3685 | D:5      | XOM: polymorph worker ant -> swamp drake
  4035 | D:6      | XOM: summons 3 friendly demons
  4044 | D:6      | Reached skill level 9 in Unarmed Combat
  4111 | D:6      | Noticed Duvessa
  4111 | D:6      | Noticed Dowan
  4124 | D:6      | Killed Duvessa
  4124 | D:6      | Reached skill level 5 in Throwing
  4127 | D:6      | Killed Dowan
  4315 | D:6      | XOM: enchant monster (good)
  4359 | D:6      | Found a stormy altar of Qazlal.
  4454 | D:6      | XOM: harmless Summ miscast
  4464 | D:6      | XOM: enchant monster (good)
  4474 | D:6      | XOM: medium Tmut miscast
  5112 | D:6      | Found a deep blue altar of Sif Muna.
  5137 | D:7      | XOM: divine lightning
  5138 | D:7      | XOM: potion effect (invisibility)
  5181 | D:7      | XOM: 3-stop teleportation journey
  5202 | D:7      | Reached XP level 9. HP: 79/79 MP: 7/7
  5231 | D:7      | Found a basalt altar of Yredelemnul.
  5231 | D:7      | XOM: 5-stop teleportation journey
  5406 | D:7      | Found an ornate altar of the Wu Jian Council.
  5412 | D:7      | Reached skill level 10 in Unarmed Combat
  5423 | D:7      | Found a shimmering altar of Xom.
  5709 | D:7      | XOM: medium Erth miscast
  5839 | D:7      | XOM: 5-stop teleportation journey
  5883 | D:8      | XOM: snakes to sticks
  5891 | D:8      | Noticed Grum
  5895 | D:8      | Noticed Maurice
  5907 | D:8      | XOM: divination: magic mapping
  5912 | D:8      | XOM: summons 7 friendly demons
  5921 | D:8      | Killed Maurice
  5924 | D:8      | Killed Grum
  5974 | D:8      | XOM: god gift: 9 stones
  6045 | D:8      | Reached skill level 1 in Evocations
  6207 | D:8      | XOM: harmless Necr miscast
  6312 | D:8      | Noticed Joseph
  6342 | D:8      | XOM: divination: magic mapping
  6349 | D:8      | Killed Joseph
  6380 | D:8      | XOM: silly message
  6393 | D:8      | XOM: harmless Conj miscast
  6408 | D:8      | Reached XP level 10. HP: 26/91 MP: 10/10
  6471 | D:8      | XOM: cast spell 'Summon Small Mammal'
  6582 | D:8      | XOM: cloud trail
  6609 | D:8      | Reached skill level 11 in Unarmed Combat
  6740 | D:8      | XOM: silly message
  6823 | D:9      | XOM: potion effect (agility)
  6996 | D:9      | Learned a level 1 spell: Confusing Touch
  7053 | D:9      | XOM: divination: detect creatures
  7133 | D:9      | XOM: potion effect (might)
  7184 | D:9      | Reached skill level 1 in Hexes
  7228 | D:9      | XOM: fog
  7243 | D:9      | XOM: cleaving
  7244 | D:9      | XOM: god gift: thick runed staff {god gift}
  7248 | D:9      | Reached skill level 12 in Unarmed Combat
  7249 | D:9      | XOM: fake destruction
  7365 | D:9      | XOM: give mutations
  7365 | D:9      | Gained mutation: Your flesh is heat resistant. (rF+) [Xom's
                  | grace]
  7365 | D:9      | Gained mutation: You have a pair of small horns on your
                  | head. [Xom's grace]
  7365 | D:9      | Gained mutation: You are robust. (+10% HP) [Xom's grace]
  7365 | D:9      | Gained mutation: You are partially covered in slimy green
                  | scales. (AC +2) [Xom's grace]
  7398 | D:9      | Found a bloodstained altar of Trog.
  7403 | D:9      | Noticed a wizard
  7405 | D:9      | Killed a wizard
  7412 | D:9      | XOM: give mutations
  7412 | D:9      | Gained mutation: You expend magic power (3 MP) to
                  | strengthen your wands. [Xom's grace]
  7412 | D:9      | Lost mutation: Scrolls take you a little longer to read.
                  | [Xom's grace]
  7412 | D:9      | Gained mutation: You have supernaturally acute eyesight.
                  | (SInv) [Xom's grace]
  7412 | D:9      | Gained mutation: You are partially covered in thin metallic
                  | scales. (AC +2) [Xom's grace]
  7505 | D:9      | Noticed a two-headed ogre
  7512 | D:9      | XOM: harmless Erth miscast
  7513 | D:9      | XOM: enchant monster (bad)
  7515 | D:9      | XOM: enchant monster (bad)
  7519 | D:9      | XOM: cast spell 'Call Canine Familiar'
  7523 | D:9      | Killed a two-headed ogre
  7717 | D:10     | Entered Level 10 of the Dungeon
  7734 | D:10     | Found a staircase to the Lair.
  7843 | D:10     | Reached XP level 11. HP: 109/111 MP: 11/11
  7910 | D:10     | XOM: harmless Fire miscast
  7938 | D:10     | XOM: give mutations
  7938 | D:10     | Lost mutation: You are partially covered in thin metallic
                  | scales. (AC +2) [Xom's mischief]
  7938 | D:10     | Lost mutation: You are robust. (+10% HP) [Xom's mischief]
  7949 | D:10     | XOM: harmless Pois miscast
  7953 | D:10     | XOM: polymorph troll -> komodo dragon
  7993 | D:10     | XOM: medium Fire miscast
  7996 | D:10     | Reached skill level 5 in Fighting
  8051 | D:10     | Noticed an unseen horror
  8051 | D:10     | Noticed an unseen horror
  8052 | D:10     | Noticed an unseen horror
  8057 | D:10     | Killed an unseen horror
  8059 | D:10     | XOM: confuse monster(s)
  8063 | D:10     | Killed an unseen horror
  8063 | D:10     | Reached skill level 13 in Unarmed Combat
  8077 | D:10     | XOM: silly message
  8080 | D:10     | Killed an unseen horror
  8132 | D:10     | XOM: god gift: blackened ivory wand {god gift}
  8405 | D:10     | XOM: polymorph yak -> spriggan
  8413 | D:10     | XOM: repel stairs
  8570 | D:10     | XOM: summons 5 hostile demons
  8681 | D:11     | Noticed a cyan ugly thing
  8699 | D:11     | Killed a cyan ugly thing
  8701 | D:11     | XOM: confusion (+ monsters)
  8752 | D:11     | Found Ridy's Distillery.
  8813 | D:11     | Noticed a red ugly thing
  8813 | D:11     | XOM: polymorph red ugly thing -> cyan ugly thing
  8817 | D:11     | XOM: chaos upgrade
  8822 | D:11     | Killed a cyan ugly thing
  8838 | D:11     | XOM: summons friendly ufetubus
  8856 | D:11     | XOM: polymorph ufetubus -> iron imp
  8877 | D:11     | Reached skill level 5 in Evocations
  8923 | D:11     | Bought a potion of resistance for 120 gold pieces
  8923 | D:11     | Bought a potion of haste for 120 gold pieces
  8923 | D:11     | Bought a potion of berserk rage for 60 gold pieces
  9017 | D:11     | Reached XP level 12. HP: 115/115 MP: 13/13
  9024 | D:11     | XOM: summons friendly quasit
  9141 | D:11     | Quit the game

Skill      XL: |  1  2  3  4  5  6  7  8  9 10 11 |
---------------+----------------------------------+-----
Unarmed Combat | 4 5 7 8 9 10 12 13 | 13.8
Throwing       | 2 4 6 |  6.4
Dodging        | 2 3 4 |  4.4
Fighting       | 3 4 6 |  6.8
Evocations     | 4 5 |  5.0
Hexes          | 3 |  3.0

Action                   |  1- 3 |  4- 6 |  7- 9 | 10-12 || total
-------------------------+-------+-------+-------+-------++-------
Melee: Unarmed           |   144 |   106 |   282 |   371 ||   903
       Punch             |     2 |     3 |     7 |    21 ||    33
       Headbutt          |       |       |       |    60 ||    60
 Fire: Blowgun           |       |       |       |     2 ||     2
Throw: Tomahawk          |       |    13 |    73 |    13 ||    99
 Cast: Confusing Touch   |       |       |       |     4 ||     4
Evoke: Wand              |       |       |     8 |       ||     8
  Use: Potion            |     3 |     4 |     5 |     1 ||    13
       Scroll            |       |     5 |     1 |     2 ||     8
 Stab: Sleeping          |     2 |     1 |     2 |       ||     5
       Distracted        |       |     1 |       |       ||     1
       Invisible         |       |       |     4 |       ||     4
       Confused          |       |       |       |     2 ||     2
  Eat: Chunk             |    17 |    13 |    34 |    33 ||    97
Armor: Robe              |    94 |    53 |   105 |     7 ||   259
       Skin              |       |       |    15 |     8 ||    23
       Troll leather arm |       |       |       |    72 ||    72
Dodge: Dodged            |   102 |    74 |   127 |   141 ||   444
       Deflected         |       |       |       |     9 ||     9
